 Dungeon Sprint DCSS version 0.26-a0-976-gd3b5134375 (webtiles) character file.

Game seed: 17726211398321832055

10277 Conn the Scorcher (level 11, -24/117 HPs)
             Began as an Octopode Fire Elementalist on Dec 5, 2020.
             Was an Elder of Sif Muna.
             Annihilated by a hellephant (26 damage)
             ... in the Dungeon (Sprint II: "The Violet Keep of Menkaure").
             The game lasted 00:43:21 (3215 turns).

Conn the Scorcher (Octopode Fire Elementalist)      Turns: 3215, Time: 00:43:21

Health: -24/117    AC: 25    Str:  6    XL:     11   Next: 59%
Magic:  10/25      EV:  2    Int: 18    God:    Sif Muna [****..]
Gold:   130        SH:  0    Dex: 17    Spells: 0/31 levels left

rFire    + . .     SeeInvis .   a - +1 hand axe of Corruption {pain, Fragile rC++ Str-3 Dex+3}
rCold    + . .     Faith    +   (no shield)
rNeg     + + +     Spirit   .   (helmet currently unavailable)
rPois    +         Reflect  .   k - amulet of faith
rElec    .         Harm     .   r - ring of fire
rCorr    .         Rampage  .   (no ring)
MR       .....     Rnd*Rage +   (no ring) Stlth ++........NoTele +
                                (no ring)
HPRegen  0.29/turn              (no ring)
MPRegen  0.19/turn              (no ring)
                                (no ring)
                                (no ring)

@: lethally poisoned (-24 -> -46), tree-form, slowed, very slow
A: almost no armour, stealthy swim, (amphibious), 8 rings, (constrict 8),
berserk 1
a: Channel Magic, Forget Spell, Divine Exegesis, Renounce Religion


You were in the Dungeon.
You worshipped Sif Muna.
Sif Muna was greatly pleased with you.
You were a tree.
You visited 1 branch You collected 1249 gold pieces.
You spent 1119 gold pieces at shops.

Inventory:

Hand Weapons
 a - the +1 hand axe of Corruption (weapon) {pain, Fragile rC++ Str-3 Dex+3}
   (You bought it in a shop in the Dungeon)

   In the hands of one skilled in necromantic magic, it inflicts extra damage on
   living creatures.
   It affects your strength (-3).
   It affects your dexterity (+3).
   It greatly protects you from cold.
   It will be destroyed if unequipped.
Jewellery
 k - an amulet of faith (around neck)
 r - a ring of fire (left branch)
Wands
 d - a wand of acid (4)
Scrolls
 e - 2 scrolls of remove curse
 g - 3 scrolls of blinking
 j - a scroll of enchant armour
 m - a scroll of enchant weapon
 q - a scroll of amnesia
Potions
 b - 6 potions of curing
 c - a potion of lignification
 h - 2 potions of resistance
 i - 3 potions of flight
 l - a potion of might
 n - a potion of brilliance
 p - 2 potions of magic
 s - a potion of haste


   Skills:
 + Level 8.5 Fighting
 + Level 2.2 Axes
 + Level 8.9 Dodging
 - Level 2.6 Stealth
 + Level 10.9 Spellcasting
 + Level 13.4 Conjurations
 + Level 2.9 Translocations
 + Level 15.6 Fire Magic
 + Level 4.3 Air Magic
 * Level 1.5 Earth Magic
 + Level 4.8 Poison Magic
 - Level 6.1 Invocations
 + Level 1.5 Evocations


You couldn't memorise any spells.
You knew the following spells:

 Your Spells              Type           Power        Failure   Level
a - Foxfire               Conj/Fire      ####         1%          1
b - Conjure Flame         Conj/Fire      #######.     1%          3
c - Inner Flame           Hex/Fire       ######..     1%          3
d - Sticky Flame          Conj/Fire      #######.     1%          4
e - Fireball              Conj/Fire      #######...   1%          5
f - Blink                 Tloc           N/A          3%          2
g - Mephitic Cloud        Conj/Pois/Air  #####...     1%          3
h - Iskenderun's Battles  Conj           ######..     1%          5
i - Bolt of Magma         Conj/Fire/Erth ######....   3%          5

Your spell library contained the following spells:

 Spells                   Type           Power        Failure   Level
 Magic Dart               Conj           ####         1%          1
 Stone Arrow              Conj/Erth      #####.       1%          3
 Beastly Appendage        Tmut           #.....       8%          1
 Call Imp                 Summ           #.......     11%         2
 Slow                     Hex            #.......     11%         2
 Ice Form                 Ice/Tmut       #.......     58%         4


Dungeon Overview and Level Annotations

Branches:
Dungeon (1/1)

Altars:
Cheibriados
Dithmenos
Elyvilon
Fedhas
Gozag
Hepliaklqana
Kikubaaqudgha
Makhleb
Nemelex Xobeh
Okawaru
Qazlal
Ru
Sif Muna
Trog
Uskayaw
Vehumet
Wu Jian
Xom
Yredelemnul
Zin
The Shining One
Beogh
Jiyva
Lugonu

Shops:
D [*:[*}=?[!:=(!?

Annotations:
D exclusion: oklob plant


Innate Abilities, Weirdness & Mutations

You cannot wear most types of armour.
You are very stealthy in the water. (Stealth+)
((You are amphibious.))
You can wear up to eight rings at the same time.
((You can use your tentacles to constrict eight enemies at once.))
((Your skin changes colour to match your surroundings (Stealth+).))
((Your rubbery body absorbs attacks. (AC +1, EV +1)))
You tend to lose your temper in combat.


Message History

Aiming: Mephitic Cloud (safe; 1% risk of failure)
Press: ? - help, Shift-Dir - straight line, f/p - hellephant
Aim: a hellephant (lightly wounded, covered in liquid flames, catching its breath)
The ball explodes into a vile cloud!
The stinking cloud engulfs the hellephant but does no damage.
The hellephant is lightly wounded.
The stinking cloud engulfs the death drake but does no damage.
The death drake is severely wounded.
The stinking cloud engulfs you but does no damage.
* * * LOW HITPOINT WARNING * * *
You feel very sick.
The death drake burns!
The hellephant burns!
The death drake breathes miasma at you. The foul vapour engulfs you!
* * * LOW HITPOINT WARNING * * *
The death drake bites you.
* * * LOW HITPOINT WARNING * * *
The hellephant is engulfed in noxious fumes.
The hellephant tramples you!!
You die...

≈;§≈≈# +..○▓0..▓ §§§§
#○.○▓▓▓▓▓▓▓▓▓▓ ;§
#...▓§§≈§§§≈≈▓▓ +++##
#}|▓▓▓▓▓▓▓▓▓▓▓ ..÷.#
#)}▓..[.[...▓▓ ##..# #.
k#}}▓(.....(.▓▓ .##.####
+.##.#[[▓[)).[...▓▓ Y.▓ #.#....#
..k####▓......[.▓▓ ..▓ .####..##
#..##♣#▓..(.....▓▓ ..▓ ###.##..#
+..#Yk#▓..[.([..▓▓ ..▓ ##.#.#..#
#k^#○☼#▓).(.(..)▓▓ q.▓
.'###'..####..##q#▓.([.)..(▓▓
.$▓
##.#.#....###...##▓▓▓▓▓▓▓'▓▓▓▓'▓
###.##......≈≈)≈≈≈≈≈≈≈q≈≈...†≈≈▓
)####≈≈.§...≈#'########'###.≈≈≈▓
..#≈≈≈≈≈≈≈..≈#(_._._..#§§≈##≈≈≈▓
.##≈≈§≈≈≈≈≈.≈#.._._._.#§§§§####▓


You could see a hellephant (burning, catching breath), a black draconian shifter
and a death drake (burning, catching breath).

Vanquished Creatures
  A kraken (D)
  Kirke (D)
  A yaktaur captain (D)
  A centaur warrior (D)
  2 hell hogs (D)
  A skeletal warrior (D)
  A glowing orange brain (D)
  A merfolk siren (D)
  An ice statue (D)
  An elephant (D)
  A kobold demonologist (D)
  A yaktaur (D)
  3 polar bears (D)
  A hornet (D)
  A blink frog (D)
  2 wyverns (D)
  4 neqoxecs (D)
  A water moccasin (D)
  A swamp drake (D)
  4 necrophages (D)
30 creatures vanquished.

Vanquished Creatures (others)
  Menkaure (D)
  A water moccasin (D)
  78 foxfires (D)
  23 tentacles (D)
103 creatures vanquished.

Grand Total: 133 creatures vanquished

Notes
Turn   | Place    | Note
-------+----------+-------------------------------------------
     0 | D        | Conn the Octopode Fire Elementalist began the quest for the
                  | Orb.
     0 | D        | Reached XP level 1. HP: 11/11 MP: 3/3
     1 | D        | Noticed a necrophage
     1 | D        | Noticed a necrophage
     1 | D        | Noticed a necrophage
     1 | D        | Noticed a necrophage
     7 | D        | Killed a necrophage
     8 | D        | Reached skill level 6 in Fire Magic
     8 | D        | Reached XP level 2. HP: 12/21 MP: 4/6
     8 | D        | Reached XP level 3. HP: 15/26 MP: 4/7
     8 | D        | Reached XP level 4. HP: 18/31 MP: 5/9
    10 | D        | Killed a necrophage
    11 | D        | Reached skill level 5 in Dodging
    11 | D        | Reached skill level 7 in Fire Magic
    11 | D        | Reached XP level 5. HP: 22/38 MP: 5/11
    12 | D        | Killed a necrophage
    13 | D        | Reached skill level 5 in Fighting
    13 | D        | Reached skill level 8 in Fire Magic
    13 | D        | Reached XP level 6. HP: 26/45 MP: 5/13
    22 | D        | Killed a necrophage
    23 | D        | Reached skill level 5 in Spellcasting
    23 | D        | Reached skill level 9 in Fire Magic
    39 | D        | Found Batoat's Antique Weapon Shoppe.
    39 | D        | Found Avaekog's Distillery.
    39 | D        | Found Poazurch's Book Emporium.
    39 | D        | Found Hiuvob's Jewellery Emporium.
    39 | D        | Found Ivink's Armour Shoppe.
    39 | D        | Found Mauk's Distillery.
    40 | D        | Found Cisod's Magic Scroll Shoppe.
    41 | D        | Found Gilaxt's Jewellery Shoppe.
    41 | D        | Found Purewku's Gadget Emporium.
    42 | D        | Found Asoevus's Magic Scroll Emporium.
    43 | D        | Found Ximpyma's General Store.
    43 | D        | Found Isod's Antique Armour Emporium.
    43 | D        | Noticed a water moccasin
    43 | D        | Noticed an oklob plant
    44 | D        | Found Egidecye's Assorted Antiques.
    44 | D        | Found Ageivax's Antique Armour Emporium.
    44 | D        | Found Coanloh's Book Shoppe.
    46 | D        | Noticed a wyvern
    46 | D        | Noticed a wyvern
    48 | D        | Noticed a wyvern
    49 | D        | Bought a crystal hand axe for 200 gold pieces
    49 | D        | Identified the cursed +1 hand axe of Corruption {pain,
                  | Fragile rC++ Str-3 Dex+3} (You bought it in a shop in the
                  | Dungeon)
    57 | D        | Learned a level 3 spell: Conjure Flame
    57 | D        | Killed Menkaure
    59 | D        | Killed a water moccasin
    61 | D        | Learned a level 3 spell: Inner Flame
    66 | D        | Learned a level 4 spell: Sticky Flame
    67 | D        | Noticed a manticore
    69 | D        | Noticed a manticore
    74 | D        | Noticed a manticore
   221 | D        | Killed a water moccasin
   222 | D        | Reached skill level 10 in Fire Magic
   222 | D        | Reached XP level 7. HP: 51/51 MP: 5/14
   297 | D        | Learned a level 5 spell: Fireball
   299 | D        | Noticed a merfolk siren
   323 | D        | Killed a merfolk siren
   324 | D        | Reached skill level 11 in Fire Magic
   331 | D        | Noticed an ice statue
   345 | D        | Bought a book of Minor Magic for 240 gold pieces
   364 | D        | Found a glowing silver altar of Zin.
   364 | D        | Found a radiant altar of Vehumet.
   365 | D        | Found a glowing golden altar of the Shining One.
   365 | D        | Found a basalt altar of Yredelemnul.
   365 | D        | Found a hide-covered altar of Uskayaw.
   366 | D        | Found a shimmering altar of Xom.
   366 | D        | Found a bloodstained altar of Trog.
   366 | D        | Found a burning altar of Makhleb.
   367 | D        | Found an ornate altar of the Wu Jian Council.
   367 | D        | Found a shimmering blue altar of Sif Muna.
   367 | D        | Found a corrupted altar of Lugonu.
   367 | D        | Found a sparkling altar of Nemelex Xobeh.
   367 | D        | Found a blossoming altar of Fedhas.
   368 | D        | Found a sacrificial altar of Ru.
   368 | D        | Found an ancient bone altar of Kikubaaqudgha.
   368 | D        | Found a white marble altar of Elyvilon.
   369 | D        | Found a stormy altar of Qazlal.
   369 | D        | Found a viscous altar of Jiyva.
   369 | D        | Found a shadowy altar of Dithmenos.
   370 | D        | Found a hazy altar of Hepliaklqana.
   370 | D        | Found a snail-covered altar of Cheibriados.
   372 | D        | Found a roughly hewn altar of Beogh.
   372 | D        | Noticed a hornet
   372 | D        | Noticed a polar bear
   372 | D        | Noticed a polar bear
   372 | D        | Noticed a polar bear
   374 | D        | Found an iron altar of Okawaru.
   374 | D        | Found an opulent altar of Gozag.
   374 | D        | Noticed a yaktaur
   378 | D        | Killed a polar bear
   379 | D        | Reached skill level 12 in Fire Magic
   379 | D        | Reached XP level 8. HP: 54/59 MP: 8/17
   381 | D        | Killed a polar bear
   381 | D        | Killed a polar bear
   382 | D        | Killed a hornet
   383 | D        | Reached skill level 5 in Conjurations
   383 | D        | Reached skill level 13 in Fire Magic
   385 | D        | Killed a yaktaur
   386 | D        | Reached XP level 9. HP: 26/66 MP: 3/19
   389 | D        | Became a worshipper of Sif Muna the Loreminder
   489 | D        | Learned a level 2 spell: Blink
   493 | D        | Learned a level 3 spell: Mephitic Cloud
   527 | D        | Reached skill level 1 in Poison Magic
   581 | D        | Reached skill level 1 in Translocations
   581 | D        | Reached skill level 1 in Air Magic
   605 | D        | Noticed a kraken
  1327 | D        | Reached * piety under Sif Muna
  1328 | D        | Reached skill level 1 in Invocations
  1340 | D        | Gained mutation: You tend to lose your temper in combat. [a
                  | neqoxec]
  1351 | D        | Reached ** piety under Sif Muna
  1380 | D        | Reached skill level 14 in Fire Magic
  1456 | D        | Bought a wand of acid (9) for 312 gold pieces
  1468 | D        | Bought an uncursed ring of fire for 325 gold pieces
  1479 | D        | Noticed Kirke
  1479 | D        | Noticed a yaktaur captain
  1488 | D        | Noticed a skeletal warrior
  1488 | D        | Noticed a centaur warrior
  1489 | D        | Killed a yaktaur captain
  1489 | D        | Reached *** piety under Sif Muna
  1490 | D        | Reached XP level 10. HP: 40/72 MP: 15/22
  1490 | D        | Killed Kirke
  1491 | D        | Reached skill level 10 in Conjurations
  1491 | D        | Reached skill level 5 in Invocations
  1493 | D        | Killed a centaur warrior
  1493 | D        | Noticed an elephant
  1496 | D        | Noticed a kobold demonologist
  1532 | D        | Killed a skeletal warrior
  1553 | D        | Killed a kobold demonologist
  1553 | D        | Reached **** piety under Sif Muna
  1554 | D        | Reached skill level 15 in Fire Magic
  1582 | D        | Killed an elephant
  1583 | D        | Reached XP level 11. HP: 25/77 MP: 16/24
  1823 | D        | Noticed a hell hog
  2023 | D        | Killed a hell hog
  2024 | D        | Reached skill level 1 in Axes
  2024 | D        | Reached skill level 10 in Spellcasting
  2081 | D        | Noticed a hell hog
  2283 | D        | Bought a potion of lignification for 42 gold pieces
  2417 | D        | Killed a hell hog
  2417 | D        | Reached ***** piety under Sif Muna
  2417 | D        | Identified Sif Muna's Tome of Hurtful Shape Shifting (Sif
                  | Muna gifted it to you in the Dungeon)
  2417 | D        | Received a gift from Sif Muna
  2542 | D        | Noticed a death drake
  3162 | D        | Killed a kraken
  3163 | D        | Reached skill level 1 in Evocations
  3172 | D        | Learned a level 5 spell: Iskenderun's Battlesphere
  3178 | D        | Learned a level 5 spell: Bolt of Magma
  3180 | D        | Noticed a glowing orange brain
  3182 | D        | Killed a glowing orange brain
  3182 | D        | Noticed a black draconian shifter
  3183 | D        | Reached skill level 1 in Earth Magic
  3184 | D        | Noticed a hellephant
  3215 | D        | HP: 2/117 [death drake (5)]
  3215 | D        | Annihilated by a hellephant

Illustrated notes

Levels and vault maps discovered:
D:        the_violet_keep_of_menkaure [sprint2_stairs_cluster_1,
          sprint2_shoproom, sprint2_temple, sprint2_basic_supplies,
          sprint2_obstacle_2, sprint2_obstacle_5, sprint2_obstacle_7,
          sprint2_obstacle_6, sprint2_obstacle_4, sprint2_timed_cluster_1,
          sprint2_smallroom_cluster_1, sprint2_smallroom_final_cluster_1,
          sprint2_transparent_cluster_1, sprint2_second_timed_cluster_1,
          sprint2_sniper_area_1, sprint2_heavy_combat_area_1,
          sprint2_mutation_trap_area_1, sprint2_forest_area_1,
          sprint2_light_combat_area_1, sprint2_behind_water_1,
          sprint2_near_end_vault_1]

Skill      XL: |  1  2  3  4  5  6  7  8  9 10 11 |
---------------+----------------------------------+-----
Fighting       | 3 4 5 6 7 8 |  8.5
Dodging        | 4 5 6 7 8 |  8.9
Spellcasting   | 3 4 5 6 7 8 9 10 | 10.9
Fire Magic     | 6 7 8 10 12 13 14 15 | 15.6
Conjurations   | 2 3 5 8 11 13 | 13.4
Poison Magic   | 3 4 |  4.8
Translocations | 2 |  2.9
Air Magic      | 2 3 4 |  4.3
Invocations    | 3 6 |  6.1
Axes           | 2 |  2.2
Evocations     | 1 |  1.5
Earth Magic    | 1 |  1.5
Stealth        | |  2.6

Action                   |  1- 3 |  4- 6 |  7- 9 | 10-12 || total
-------------------------+-------+-------+-------+-------++-------
Melee: Unarmed           |     4 |     7 |       |       ||    11
       Constrict         |     1 |     3 |     1 |     7 ||    12
       Tentacles         |       |     2 |       |     4 ||     6
       Hand axe          |       |       |    10 |    19 ||    29
 Cast: Foxfire           |       |     3 |    25 |    15 ||    43
       Sticky Flame      |       |     2 |     9 |     8 ||    19
       Conjure Flame     |       |       |     2 |     6 ||     8
       Fireball          |       |       |    17 |    36 ||    53
       Mephitic Cloud    |       |       |     9 |    17 ||    26
       Blink             |       |       |     1 |     1 ||     2
       Bolt of Magma     |       |       |       |     2 ||     2
       Iskenderun's Batt |       |       |       |     2 ||     2
Invok: Channel Magic     |       |       |     1 |     7 ||     8
Evoke: Wand              |       |       |       |     5 ||     5
  Use: Potion            |     2 |       |     9 |     2 ||    13
       Scroll            |       |       |     6 |     1 ||     7
 Stab: Confused          |       |       |       |     3 ||     3
Armor: Skin              |       |       |     1 |    15 ||    16
Dodge: Dodged            |       |     9 |    21 |    15 ||    45

Table legend: (Time is in decaauts)
 A = Elapsed time spent in this place.
 B = Non-inter-level travel time spent in this place.
 C = Inter-level travel time spent in this place.
 D = Time resting spent in this place.
 E = Time spent auto-exploring this place.
 F = Levels seen in this place.
 G = Mean time per level.
                   A        B        C        D        E       F      G
               +--------+--------+--------+--------+--------+-----+--------+
         Total |   3218 |   3218 |      0 |   2077 |      0 |   1 | 3218.0 |
       Dungeon |   3218 |   3218 |      0 |   2077 |      0 |   1 | 3218.0 |
               +--------+--------+--------+--------+--------+-----+--------+

Top non-repeatable levels by time:
       D: 3218 daAuts
